 Dungeon Sprint DCSS version 0.28-a0-941-g140ffa10cf (webtiles) character file.

Game seed: 12610677769862514865

2994 Turgor the Severer (level 9, -11/91 HPs)
             Began as a Minotaur Berserker on Nov 29, 2021.
             Was an Elder of Trog.
             Killed from afar by a death drake (21 damage)
             ... with a foul vapour
             ... in the Dungeon (Sprint II: "The Violet Keep of Menkaure").
             The game lasted 00:09:23 (815 turns).

Turgor the Severer (Minotaur Berserker)              Turns: 815, Time: 00:09:24

Health: -11/91     AC: 10    Str: 25    XL:     9   Next: 54%
Magic:  8/8        EV: 12    Int:  4    God:    Trog [****..]
Gold:   402        SH:  0    Dex: 10    Spells: 8/8 levels left

rFire   . . .      SeeInvis +   a - +0 hand axe
rCold   . . .      Faith    .   (no shield)
rNeg    . . .      Spirit   .   g - +2 chain mail {Will+}
rPois   .          Reflect  .   (helmet restricted)
rElec   .          Harm     .   (no cloak)
rCorr   .          Rampage  .   (no gloves)
Will    +....      NoTele   +   (no boots)
Stlth   ..........              (no amulet)
HPRegen 0.25/turn               b - ring of see invisible
MPRegen 0.11/turn               (no ring)

@: confused, lethally poisoned (-11 -> -48), on berserk cooldown, hasted and
slowed, very slow
A: horns 2, retaliatory headbutt, deformed body
a: Renounce Religion, Berserk, Trog's Hand, Brothers in Arms


You were in the Dungeon.
You worshipped Trog.
Trog was greatly pleased with you.
You visited 1 branch You collected 1063 gold pieces.
You spent 661 gold pieces at shops.

Inventory:

Hand Weapons
 a - a +0 hand axe (weapon)
Armour
 g - a +2 chain mail of willpower (worn)
Jewellery
 b - a ring of see invisible (left hand)
Wands
 c - a wand of flame (9)
Scrolls
 h - a scroll of blinking
Potions
 d - a potion of heal wounds
 f - 2 potions of magic


   Skills:
 + Level 12.5 Fighting
 * Level 16.8 Axes
 + Level 12.2 Armour
 + Level 11.2 Dodging


You had 8 spell levels left.
You didn't know any spells.
Your spell library was empty.

Dungeon Overview and Level Annotations

Branches:
Dungeon (1/1)

Altars:
Dithmenos
Elyvilon
Fedhas
Gozag
Kikubaaqudgha
Makhleb
Nemelex Xobeh
Okawaru
Qazlal
Ru
Sif Muna
Trog
Uskayaw
Vehumet
Wu Jian
Xom
Yredelemnul
Zin
The Shining One
Jiyva
Lugonu

Shops:
D :*:[??([![=!(==

Annotations:
D exclusion: oklob plant


Innate Abilities, Weirdness & Mutations

You have a pair of horns on your head.
You reflexively headbutt those who attack you in melee.
Armour fits poorly on your strangely shaped body.


Message History

Unknown command.
Unknown command.
You are too berserk!
You're too confused to move!
You feel a strong urge to attack something.
You are engulfed in freezing vapours.
You are no longer berserk.
You are exhausted.
You feel yourself slow down. The swamp drake closely misses you.
The crystal guardian hits you but does no damage.
Okay, then.
Unknown command.
You are too confused!
Unknown command.
Your unstable footing causes you to fumble your attack.
You are engulfed in freezing vapours.
The death drake bites you! The swamp drake bites you!
You hit the crystal guardian but do no damage.
You headbutt the crystal guardian.
The crystal guardian is lightly damaged.
You hit the swamp drake. You miss the death drake.
You are engulfed in freezing vapours.
* * * LOW HITPOINT WARNING * * *
The death drake bites you.
* * * LOW HITPOINT WARNING * * *
The crystal guardian hits you but does no damage.
Unknown command.
You hit the crystal guardian.
The crystal guardian is lightly damaged.
You closely miss the death drake. You barely miss the swamp drake.
You are engulfed in freezing vapours.
* * * LOW HITPOINT WARNING * * *
The swamp drake breathes poison at you.
The noxious blast engulfs you but does no damage.
You are poisoned.
The yaktaur is engulfed in noxious fumes.
The death drake breathes miasma at you. The foul vapour engulfs you!!
You are lethally poisoned!
You die...

+# #. .# .###.####
+.##.# ##.# ...# ...# ##
#.####..#####..# $#
'###.##..#..'.^# h#
.##...#..#(.#..# c# (
<.'###'..####.○##h# =?[
.##...#...§###○kk##▓▓▓▓▓
'###.##§§....≈k9@°°°°°≈≈
#.####≈≈§§...≈#+########
#..#≈≈≈≈≈§≈..§#..._._._#
.###≈≈≈≈§≈≈≈.≈#_._._._.#
+##≈≈≈≈≈§§≈≈≈≈#._._._._#
≈≈≈≈≈≈≈§§≈§≈≈#_._._._.#
+++#§§≈§≈≈≈§≈#._._._..#
##§§≈###≈≈#_._._...#


You could see a death drake (catching breath), a crystal guardian, 2 polar
bears, a yaktaur and 2 swamp drakes.

Vanquished Creatures
  A great orb of eyes (D)
  2 boulder beetles (D)
  A polar bear (D)
  4 neqoxecs (D)
  2 water moccasins (D)
  4 scorpions (D)
  3 worms (D)
17 creatures vanquished.

Vanquished Creatures (others)
  Menkaure (D)
1 creature vanquished.

Grand Total: 18 creatures vanquished

Notes
Turn   | Place    | Note
-------+----------+-------------------------------------------
     0 | D        | Turgor the Minotaur Berserker began the quest for the Orb.
     0 | D        | Reached XP level 1. HP: 19/19 MP: 0/0
     1 | D        | Noticed a scorpion
     1 | D        | Noticed a scorpion
     1 | D        | Noticed a scorpion
     1 | D        | Noticed a scorpion
     4 | D        | Killed a scorpion
     5 | D        | Reached skill level 5 in Fighting
     5 | D        | Reached skill level 6 in Axes
     5 | D        | Reached XP level 2. HP: 29/29 MP: 1/1
     5 | D        | Reached XP level 3. HP: 36/36 MP: 2/2
     6 | D        | Killed a scorpion
     7 | D        | Reached skill level 7 in Axes
     7 | D        | Reached skill level 5 in Armour
     7 | D        | Reached skill level 5 in Dodging
     7 | D        | Reached XP level 4. HP: 44/44 MP: 3/3
     7 | D        | Killed a scorpion
     7 | D        | Reached ** piety under Trog
     8 | D        | Reached skill level 9 in Axes
     8 | D        | Reached XP level 5. HP: 51/51 MP: 4/4
    24 | D        | Killed Menkaure
    58 | D        | Noticed a boulder beetle
    58 | D        | Noticed a boulder beetle
    70 | D        | Reached *** piety under Trog
    79 | D        | Noticed a neqoxec
    84 | D        | Killed a neqoxec
    85 | D        | Reached skill level 11 in Axes
    85 | D        | Reached XP level 6. HP: 62/62 MP: 5/5
   139 | D        | Noticed a neqoxec
   147 | D        | Killed a neqoxec
   149 | D        | Found Ymeck's Distillery.
   149 | D        | Found Taor's Jewellery Shoppe.
   149 | D        | Noticed a neqoxec
   149 | D        | Noticed a neqoxec
   150 | D        | Found Soseoch's Antique Armour Shoppe.
   150 | D        | Found Kiykh's Antique Weapon Emporium.
   150 | D        | Found Qanenor's Jewellery Shoppe.
   150 | D        | Found Boskom's Jewellery Emporium.
   152 | D        | Gained mutation: Armour fits poorly on your strangely
                  | shaped body. [a neqoxec]
   154 | D        | Killed a neqoxec
   155 | D        | Reached skill level 12 in Axes
   155 | D        | Reached XP level 7. HP: 70/70 MP: 6/6
   157 | D        | Killed a neqoxec
   157 | D        | Reached **** piety under Trog
   158 | D        | Found Paowiski's Armour Shoppe.
   158 | D        | Found Tostree's Distillery.
   189 | D        | Found Varrutuc's Magic Scroll Shoppe.
   189 | D        | Found Xudul's Antique Armour Emporium.
   190 | D        | Found Qufeddim's Book Shoppe.
   190 | D        | Found Cyfasm's Weapon Shoppe.
   190 | D        | Found Iffuacey's Magic Scroll Emporium.
   190 | D        | Found Peoshrik's Assorted Antiques.
   201 | D        | Reached skill level 13 in Axes
   204 | D        | Noticed a fire dragon
   204 | D        | Noticed an oklob plant
   205 | D        | Found Botegicu's Book Shoppe.
   209 | D        | Noticed a polar bear
   211 | D        | Noticed a polar bear
   223 | D        | Bought a crooked bone wand for 92 gold pieces
   230 | D        | Reached skill level 10 in Fighting
   241 | D        | Bought a shiny chain mail for 187 gold pieces
   241 | D        | Bought a shiny chain mail for 187 gold pieces
   255 | D        | Bought a ring of see invisible for 195 gold pieces
   479 | D        | Killed a boulder beetle
   480 | D        | Reached skill level 14 in Axes
   480 | D        | Reached skill level 10 in Armour
   480 | D        | Reached XP level 8. HP: 82/82 MP: 7/7
   563 | D        | Killed a boulder beetle
   564 | D        | Reached skill level 15 in Axes
   564 | D        | Reached skill level 10 in Dodging
   564 | D        | Reached XP level 9. HP: 90/90 MP: 8/8
   674 | D        | Found a glowing golden altar of the Shining One.
   674 | D        | Found an ornate altar of the Wu Jian Council.
   675 | D        | Found a shimmering altar of Xom.
   675 | D        | Found a sacrificial altar of Ru.
   675 | D        | Found a stormy altar of Qazlal.
   676 | D        | Found a basalt altar of Yredelemnul.
   676 | D        | Found a shimmering blue altar of Sif Muna.
   676 | D        | Found a viscous altar of Jiyva.
   677 | D        | Found a glowing silver altar of Zin.
   677 | D        | Found a bloodstained altar of Trog.
   677 | D        | Found an ancient bone altar of Kikubaaqudgha.
   678 | D        | Found a hide-covered altar of Uskayaw.
   678 | D        | Found a corrupted altar of Lugonu.
   678 | D        | Found a shadowy altar of Dithmenos.
   679 | D        | Found a radiant altar of Vehumet.
   679 | D        | Found a burning altar of Makhleb.
   679 | D        | Found a white marble altar of Elyvilon.
   680 | D        | Found a sparkling altar of Nemelex Xobeh.
   680 | D        | Found a blossoming altar of Fedhas.
   683 | D        | Noticed a great orb of eyes
   684 | D        | Noticed a polar bear
   690 | D        | Killed a great orb of eyes
   691 | D        | Reached skill level 16 in Axes
   695 | D        | Killed a polar bear
   695 | D        | Reached ***** piety under Trog
   797 | D        | Noticed a crystal guardian
   799 | D        | Noticed a death drake
   801 | D        | Found an iron altar of Okawaru.
   801 | D        | Found an opulent altar of Gozag.
   809 | D        | Noticed a yaktaur
   809 | D        | Noticed a polar bear
   811 | D        | Noticed a polar bear
   815 | D        | Killed from afar by a death drake

Illustrated notes

Levels and vault maps discovered:
D:        the_violet_keep_of_menkaure [sprint2_stairs_cluster_1,
          sprint2_shoproom, sprint2_temple, sprint2_basic_supplies,
          sprint2_obstacle_7, sprint2_obstacle_5, sprint2_obstacle_2,
          sprint2_obstacle_4, sprint2_obstacle_6, sprint2_timed_cluster_1,
          sprint2_smallroom_cluster_1, sprint2_smallroom_final_cluster_1,
          sprint2_transparent_cluster_1, sprint2_second_timed_cluster_1,
          sprint2_sniper_area_1, sprint2_heavy_combat_area_1,
          sprint2_mutation_trap_area_1, sprint2_forest_area_1,
          sprint2_light_combat_area_1, sprint2_behind_water_1,
          sprint2_near_end_vault_1]

Skill      XL: |  1  2  3  4  5  6  7  8  9 |
---------------+----------------------------+-----
Fighting       | 5 6 8 9 11 12 | 12.5
Axes           | 6 7 9 11 12 14 15 16 | 16.8
Armour         | 4 5 6 7 8 10 11 12 | 12.2
Dodging        | 4 5 7 8 9 10 11 | 11.2

Action                   |  1- 3 |  4- 6 |  7- 9 || total
-------------------------+-------+-------+-------++-------
Melee: Hand axe          |     3 |    23 |    61 ||    87
       Headbutt          |     1 |     3 |    21 ||    25
Invok: Berserk           |       |     2 |     5 ||     7
       Trog's Hand       |       |     1 |       ||     1
  Use: Potion            |     1 |       |     2 ||     3
Armor: Chain mail        |       |       |     7 ||     7
Dodge: Dodged            |     2 |     8 |    16 ||    26

Table legend: (Time is in decaauts)
 A = Elapsed time spent in this place.
 B = Non-inter-level travel time spent in this place.
 C = Inter-level travel time spent in this place.
 D = Time resting spent in this place.
 E = Time spent auto-exploring this place.
 F = Levels seen in this place.
 G = Mean time per level.
                   A        B        C        D        E       F      G
               +--------+--------+--------+--------+--------+-----+--------+
         Total |    843 |    843 |      0 |    618 |      0 |   1 |  843.0 |
       Dungeon |    843 |    843 |      0 |    618 |      0 |   1 |  843.0 |
               +--------+--------+--------+--------+--------+-----+--------+

Top non-repeatable levels by time:
       D: 843 daAuts
